 Dungeon Crawl Stone Soup version 0.29.1-12-g30fa7ad0bf (webtiles) character file.

Game seed: 13019168080891336138

2809 booth the Ruffian (level 9, -8/63 (72) HPs)
             Began as a Red Draconian Transmuter on Dec 19, 2022.
             Was a Believer of Ashenzari.
             Mangled by a wight
             ... wielding a +6 battleaxe
              (11 damage)
             ... on level 8 of the Dungeon on Dec 20, 2022.
             The game lasted 01:22:45 (8214 turns).

booth the Ruffian (Red Draconian Transmuter)        Turns: 8214, Time: 01:22:46

HP:   -8/63 (72)    AC:  8    Str: 13    XL:     9   Next: 44%
MP:   12/17         EV: 14    Int: 17    God:    Ashenzari [**....]
Gold: 341           SH:  0    Dex: 18    Spells: 5/19 levels left

rFire   + . .      SeeInvis +     - Unarmed
rCold   . . .      Faith    .   (no shield)
rNeg    . . .      Spirit   .   (body armour unavailable)
rPois   .          Reflect  .   (helmet currently unavailable)
rElec   .          Harm     .   o - +0 cloak
rCorr   .          Rampage  .   (no gloves)
Will    +....                   (boots currently unavailable)
Stlth   +++.......              (no amulet)
HPRegen 0.20/turn               q - ring of Ashenzari's Stickiness {Dex+6, Cun, Elem} (curse)
MPRegen 0.15/turn               s - ring "Share My Scepticism" {Will+, Melee, Elem} (curse)

@: appendages (expiring), slowed, heavily drained, very slow
A: horns 2, talons 2, breathe fire, AC +7, unfitting armour, fire resistance 1,
cold-blooded
a: Breathe Fire, End Transformation, Renounce Religion, Curse Item, Shatter the
Chains


You were on level 8 of the Dungeon.
You worshipped Ashenzari.
Ashenzari was pleased with you.
You had temporarily grown beastly horns and talons.
You visited 1 branch of the dungeon, and saw 8 of its levels.

You collected 341 gold pieces.

Inventory:

Hand Weapons
 t - a +3 quarterstaff of chaos
 w - a +0 mace
 A - a +0 dire flail
Missiles
 c - 3 datura-tipped darts
 l - 11 boomerangs
Armour
 g - the cursed +0 pair of boots "Cryptic Boredom" (melded) {Range, Fort}
   (You found it on level 1 of the Dungeon)

   It has a curse which improves the following skills: Ranged Combat: Ranged
   Weapons and Throwing.
   Fortitude: Shields.
 o - a +0 cloak (worn)
Jewellery
 q - the cursed ring of Ashenzari's Stickiness (left hand) {Dex+6, Cun, Elem}
   (You found it on level 3 of the Dungeon)

   [ring of dexterity]

   Dex:       It affects your dexterity (+6).
   It has a curse which improves the following skills: Cunning: Dodging and
   Stealth.
   Elements:  Fire Magic, Ice Magic, Air Magic and Earth Magic.
 s - the cursed ring "Share My Scepticism" (right hand) {Will+, Melee, Elem}
   (You found it on level 3 of the Dungeon)

   [ring of willpower]

   Will:      It increases your willpower.
   It has a curse which improves the following skills: Melee Combat: Short
   Blades, Long Blades, Axes, Maces & Flails, Polearms, Staves and Unarmed
   Combat.
   Elements:  Fire Magic, Ice Magic, Air Magic and Earth Magic.
 u - an amulet of the acrobat
Wands
 n - a wand of flame (12)
 B - a wand of digging (7)
Scrolls
 b - a scroll of brand weapon
 f - a scroll of immolation
 h - a scroll of amnesia
 j - 3 scrolls of butterflies
 r - a scroll of blinking
 v - a scroll of fear
 x - a scroll of silence
 y - a scroll of poison
Potions
 a - a potion of lignification
 d - a potion of heal wounds
 e - 2 potions of haste
 i - 3 potions of curing
 k - 3 potions of flight
 m - 2 potions of brilliance
 p - 3 potions of might
 z - a potion of magic
 C - a potion of ambrosia


   Skills:
 + Level 4.3 Fighting
 * Level 4.1(5.3) Staves
 - Level 3.7(4.9) Dodging
 - Level 2.3(3.3) Stealth
 + Level 6.9(8.2) Unarmed Combat
 + Level 5.7 Spellcasting
 + Level 2.0 Conjurations
 * Level 6.0 Transmutations
 + Level 0.6 Evocations


You had 5 spell levels left.
You knew the following spells:

 Your Spells              Type           Power      Damage    Failure   Level
a - Beastly Appendage     Tmut           50%        N/A       1%          1
b - Wereblood             Tmut           25%        N/A       1%          2
c - Searing Ray           Conj           22%        2d5       9%          2
d - Spider Form           Tmut/Pois      15%        N/A       12%         3
e - Frozen Ramparts       Ice            10%        1d2       36%         3
f - Passwall              Tmut/Erth      12%        N/A       5%          2
g - Shock                 Conj/Air       32%        1d5       9%          1

Your spell library contained the following spells:

 Spells                   Type           Power      Damage    Failure   Level
 Magic Dart               Conj           44%        1d5       6%          1
 Apportation              Tloc           8%         N/A       13%         1
 Necrotise                Necr           16%        1d4       13%         1
 Summon Small Mammal      Summ           16%        N/A       13%         1
 Ignite Poison            Fire/Tmut/Pois 12%        N/A       17%         3
 Ensorcelled Hibernation  Hex/Ice        10%        N/A       19%         2
 Conjure Flame            Conj/Fire      8%         6-21      26%         3
 Mephitic Cloud           Conj/Pois/Air  7%         N/A       28%         3
 Swiftness                Air            5%         N/A       34%         3
 Gell's Gravitas          Tloc           4%         N/A       36%         3
 Lesser Beckoning         Tloc           4%         N/A       36%         3
 Teleport Other           Tloc           4%         N/A       36%         3
 Ice Form                 Ice/Tmut       15%        N/A       36%         4
 Sticky Flame             Conj/Fire      8%         2d3       63%         4
 Fulminant Prism          Conj/Hex       4%         3d6       65%         4
 Airstrike                Air            2%         2d(1-17)  75%         4
 Summon Ice Beast         Ice/Summ       5%         N/A       77%         4
 Freezing Cloud           Conj/Ice/Air   3%         6-21      95%         5


Dungeon Overview and Level Annotations

Branches:
Dungeon (8/15)             Temple (0/1) D:6
   Lair: D:8-11

Altars:
Ashenzari
Fedhas
Nemelex Xobeh
Vehumet
Yredelemnul

Annotations:
D:4 2 transporters, FizzleBangTC's ghost, weakling MeEE


Innate Abilities, Weirdness & Mutations

You have temporarily grown beastly horns and talons.
You can breathe blasts of fire.
Your fiery red scales are hard. (AC +7)
You cannot fit into any form of body armour.
Your flesh is heat resistant. (rF+)
You are cold-blooded and may be slowed by cold attacks.


Message History

The wyvern hisses menacingly.
The wyvern bites you but does no damage.
The searing ray hits the wyvern.
The wyvern is heavily wounded.
The searing ray hits the wight.
The wight is severely damaged.
The searing ray hits the wight!
The wight is heavily damaged.
You finish channelling your searing ray.
The wyvern bites you!
The wight hits you with a +0 morningstar.
You feel drained.
You hit the wyvern. You claw the wyvern.
The wyvern is almost dead.
The wyvern barely misses you. The wight closely misses you.
The wight barely misses you. The wyvern misses you.
You punch the wyvern!
You kill the wyvern!
The wight misses you. The wight hits you with a +6 battleaxe!
You feel drained.
Your Transmutations skill increases to level 6!
You hit the wight but do no damage. You claw the wight, but do no damage.
Your tail-slap misses the wight.
The wight is heavily damaged.
Your transformation is almost over.
The wight barely misses you.
The wight hits you with a +0 morningstar!
* * * LOW HITPOINT WARNING * * *
The wight hits you with a +5 dire flail of freezing!
* * * LOW HITPOINT WARNING * * *
You feel drained.
* * * LOW HITPOINT WARNING * * *
You feel yourself slow down. The wight freezes you.
* * * LOW HITPOINT WARNING * * *
Blink to where?
Press: ? - help, Dir - move target
Okay, then.
You barely miss the wight. You headbutt the wight.
The wight is severely damaged.
The wight hits you with a +6 battleaxe!
You die...

* ,, * ### #
#.####.# #
##z...#.#.##. ,
#@z..<............
* * *
##z...............
##.........(....,
*
#..#...........##
*#.<..............
, * ,
#..#......(.......
, ....>
#.............
.......
##......<..... ,,
,.....##
#...........#


You could see 3 wights.

Vanquished Creatures
  Pikel (D:5)
  A wyvern (D:8)
  2 steam dragons
  Menkaure (D:7)
  An ice beast (D:6)
  2 sky beasts (D:6)
  2 black bears
  2 ogres
  A centaur (D:5)
  A necrophage (D:4)
  4 scorpions
  3 wights (D:7)
  A howler monkey (D:6)
  A jelly (D:5)
  An orc priest (D:7)
  Crazy Yiuf (D:5)
  2 hounds
  2 gnoll boudas
  5 iguanas
  3 orc wizards
  5 adders
  13 gnolls
  An ufetubus (D:5)
  2 worms
  3 dart slugs
  17 orcs
  6 ball pythons
  6 endoplasms
  3 giant cockroaches
  8 goblins
  7 hobgoblins
  6 jackals
  8 kobolds
  2 quokkas
  9 bats
  4 frilled lizards
  6 rats
143 creatures vanquished.

Vanquished Creatures (others)
  4 plants (D:5)
4 creatures vanquished.

Grand Total: 147 creatures vanquished

Notes
Turn   | Place    | Note
-------+----------+-------------------------------------------
     0 | D:1      | booth the Draconian Transmuter began the quest for the Orb.
     0 | D:1      | Reached XP level 1. HP: 16/16 MP: 3/3
   106 | D:1      | Reached XP level 2. HP: 23/23 MP: 3/5
   109 | D:1      | Learned a level 2 spell: Wereblood
   265 | D:1      | Found a faded altar of an unknown god.
   285 | D:1      | Prayed at the altar of an unknown god.
   285 | D:1      | Became a worshipper of Ashenzari the Shackled
   556 | D:1      | Reached XP level 3. HP: 26/29 MP: 4/6
   580 | D:1      | Learned a level 2 spell: Searing Ray
  1253 | D:2      | Reached XP level 4. HP: 31/36 MP: 4/7
  1352 | D:2      | Identified the +1 ring mail "Fuuffi" {+Blink Dex+4}
  1459 | D:2      | Identified the cursed +0 pair of boots "Cryptic Boredom"
                  | {Range, Fort} (You found it on level 1 of the Dungeon)
  1656 | D:3      | Reached skill level 1 in Conjurations
  1872 | D:3      | Found a radiant altar of Vehumet.
  1999 | D:3      | Found a blossoming altar of Fedhas.
  2152 | D:4      | Noticed a necrophage
  2337 | D:3      | Reached * piety under Ashenzari
  2337 | D:3      | Identified a scroll of acquirement
  2372 | D:3      | Acquired a book of Displacement
  2410 | D:4      | Reached XP level 5. HP: 40/42 MP: 0/9
  2463 | D:4      | Learned a level 3 spell: Spider Form
  2494 | D:5      | Entered Level 5 of the Dungeon
  2703 | D:4      | Reached XP level 6. HP: 9/50 MP: 6/10
  3137 | D:4      | Found a transporter.
  3188 | D:4      | Found a transporter.
  3259 | D:4      | Reached ** piety under Ashenzari
  3354 | D:4      | Noticed FizzleBangTC's ghost (weakling MeEE)
  3403 | D:4      | Learned a level 3 spell: Frozen Ramparts
  4311 | D:5      | Found a runed translucent door.
  4312 | D:5      | Noticed Crazy Yiuf
  4427 | D:5      | Killed Crazy Yiuf
  4517 | D:5      | Reached skill level 1 in Staves
  4517 | D:5      | Your scales start taking on a fiery red colour.
  4517 | D:5      | Reached XP level 7. HP: 55/57 MP: 4/12
  4517 | D:5      | Gained mutation: Your flesh is heat resistant. (rF+) [Red
                  | Draconian growth]
  4752 | D:5      | Reached skill level 1 in Stealth
  4925 | D:5      | Found a basalt altar of Yredelemnul.
  4927 | D:5      | Noticed Pikel
  4951 | D:5      | Killed Pikel
  4952 | D:5      | Reached skill level 5 in Unarmed Combat
  4952 | D:5      | Reached XP level 8. HP: 37/63 MP: 1/13
  5722 | D:6      | Reached skill level 5 in Transmutations
  6185 | D:6      | Found a staircase to the Ecumenical Temple.
  6311 | D:6      | Reached skill level 5 in Spellcasting
  6398 | D:7      | Found a sparkling altar of Nemelex Xobeh.
  6410 | D:7      | Noticed Menkaure
  6493 | D:7      | Reached XP level 9. HP: 68/71 MP: 9/16
  6871 | D:7      | Learned a level 2 spell: Passwall
  6873 | D:7      | Learned a level 1 spell: Shock
  6983 | D:7      | Killed Menkaure
  7839 | D:7      | HP: 3/62 [wight/+4 falchion (4)]
  7848 | D:7      | HP: 3/61 [wight/+4 falchion (5)]
  8184 | D:8      | Noticed an ice devil
  8184 | D:8      | Noticed an ice devil
  8184 | D:8      | Noticed an ice devil
  8213 | D:8      | HP: 3/63 [wight/+5 dire flail of freezing (4)]
  8214 | D:8      | Mangled by a wight

Illustrated notes

Levels and vault maps discovered:
D:1:      dpeg_arrival_connections, layout_loops_ring,
          chequers_ecumenical_altar_simple_redux
D:2:      layout_rooms
D:3:      layout_rooms, nicolae_overflow_hidden_temple, vehumet_altar_wand_db,
          corner_web_ring, kennysheep_generic_room_12
D:4:      layout_basic, gammafunk_ghost_abyssal_escape
D:5:      layout_basic, mainiacjoe_overflow_cross_hatched,
          uniq_crazy_yiuf_cottage, uniq_pikel
D:6:      layout_basic, minmay_temple_entry_mini_moons,
          small_statue_intersection
D:7:      layout_basic, old_standard_altar, kennysheep_generic_room_6,
          uniq_menkaure
D:8:      cheibrodos_frozen_isle, layout_cave_pools, serial_undead,
          serial_undead_b, serial_undead_b, serial_undead_e, serial_undead_c,
          serial_undead_b, serial_undead_a, serial_undead_d, serial_undead_b,
          serial_undead_d, serial_undead_b, uniq_psyche

Skill      XL: |  1  2  3  4  5  6  7  8  9 |
---------------+----------------------------+-----
Dodging        | 2 3 |  3.7
Fighting       | 2 3 4 |  4.3
Conjurations   | 1 2 |  2.0
Transmutations | 3 4 5 6 |  6.0
Spellcasting   | 3 5 |  5.7
Unarmed Combat | 4 5 6 |  6.9
Staves         | 1 2 3 4 |  4.1
Stealth        | 2 |  2.3
Evocations     | |  0.6

Action                   |  1- 3 |  4- 6 |  7- 9 || total
-------------------------+-------+-------+-------++-------
Melee: Unarmed           |   113 |   170 |   154 ||   437
       Tailslap          |    15 |    17 |    19 ||    51
       Kick              |    18 |    30 |    47 ||    95
       Punch             |     1 |     6 |     9 ||    16
       Headbutt          |     8 |    16 |    37 ||    61
 Cast: Beastly Appendage |    21 |    24 |    27 ||    72
       Wereblood         |     2 |     4 |     4 ||    10
       Searing Ray       |       |     4 |    16 ||    20
Invok: Curse Item        |       |     3 |       ||     3
Evoke: Wand              |       |       |     6 ||     6
  Use: Scroll            |     1 |     2 |     1 ||     4
       Potion            |       |       |     3 ||     3
 Stab: Sleeping          |       |     1 |     6 ||     7
Armor: Skin              |    36 |    78 |    58 ||   172
Dodge: Dodged            |    52 |   130 |   150 ||   332
